 Dungeon Crawl Stone Soup version 0.28.0-53-g5a82cb258f (webtiles) character file.

Game seed: 4563312828625882329

200 Neuros91 the Skirmisher (level 5, -1/47 HPs)
             Began as a Hill Orc Fighter on June 15, 2022.
             Slain by a gnoll
             ... wielding a +0 flail
              (3 damage)
             ... on level 2 of the Dungeon.
             The game lasted 00:04:01 (1060 turns).

Neuros91 the Skirmisher (Hill Orc Fighter)          Turns: 1060, Time: 00:04:01

Health: -1/47      AC: 13    Str: 21    XL:     5   Next: 79%
Magic:  5/5        EV:  5    Int:  8    God:
Gold:   28         SH:  4    Dex: 10    Spells: 4/4 levels left

rFire   . . .      SeeInvis .   f - staff of poison
rCold   . . .      Faith    .   c - +0 buckler
rNeg    . . .      Spirit   .   g - +1 plate armour
rPois   +          Reflect  .   (no helmet)
rElec   .          Harm     .   (no cloak)
rCorr   +          Rampage  .   (no gloves)
Will    .....                   (no boots)
Stlth   ..........              (no amulet)
HPRegen 0.15/turn               d - ring of resist corrosion
MPRegen 0.09/turn               (no ring)

@: no status effects
A: no striking features
a: no special abilities


You were on level 2 of the Dungeon.
You visited 1 branch of the dungeon, and saw 2 of its levels.

You collected 28 gold pieces.

Inventory:

Hand Weapons
 a - a +0 war axe
Armour
 c - a +0 buckler (worn)
 g - a +1 plate armour (worn)
Magical Staves
 f - a staff of poison (weapon)
Jewellery
 d - a ring of resist corrosion (left hand)
Potions
 b - a potion of attraction {unknown}
 e - 3 potions of lignification {unknown}


   Skills:
 + Level 4.9 Fighting
 + Level 4.4 Axes
 + Level 4.4 Armour
 + Level 4.4 Shields


You had 4 spell levels left.
You didn't know any spells.
Your spell library was empty.

Dungeon Overview and Level Annotations

Branches:
Dungeon (2/15)

Altars:

Shops:
D:1 !


Message History

The gnoll hits you but does no damage. x2
You barely miss the gnoll.
The gnoll is almost dead.
The gnoll hits you but does no damage. x2; The gnoll barely misses you. x2
You hit the gnoll.
You kill the gnoll!
You block the gnoll's attack. The goblin hits you with a +0 club.
You hit the goblin.
You kill the goblin!
You block the gnoll's attack.
You barely miss the gnoll.
The gnoll hits you from afar with a +0 spear.
You block the gnoll's attack.
The gnoll hits you from afar with a +0 spear.
You hit the gnoll.
The gnoll is lightly wounded.
The gnoll hits you with a +0 flail!
* * * LOW HITPOINT WARNING * * *
You block the gnoll's attack. The gnoll barely misses you.
You hit the gnoll.
The gnoll is moderately wounded.
You block the gnoll's attack. The gnoll hits you but does no damage.
You hit the gnoll.
The gnoll is moderately wounded.
The gnoll barely misses you. x2
You hit the gnoll.
The gnoll is heavily wounded.
The gnoll hits you from afar with a +0 spear.
* * * LOW HITPOINT WARNING * * *
The gnoll hits you with a +0 flail.
* * * LOW HITPOINT WARNING * * *
You hit the gnoll.
The gnoll is almost dead.
The gnoll barely misses you. The gnoll closely misses you.
The gnoll hits you but does no damage.
You hit the gnoll.
The gnoll is almost dead.
The gnoll barely misses you. The gnoll hits you but does no damage.
The gnoll hits you with a +0 flail.
You die...

####.##.....##.# #†# # ..
#....##........###.## # ...
#....##........#....# #
...##. ..###..)....#.#..# #
......##.#.....#+#.#.#..#####
.........#.###.#.#.# #.......
...........#...#.#.# #.######
..........g#.###.#.# #.#
###..†....g@..^.#.# #.#
#...#####.....#.# #.#
.......#########.#.# #.
.......+..>...).<#.# #.
.......##.....##.# .. .......
#..... #.# ....... #...(. #.#
....... #..... ..# #..... ###


You could see 2 gnolls.

Vanquished Creatures
  Sigmund (D:2)
  A gnoll (D:2)
  An adder (D:2)
  A worm (D:2)
  2 endoplasms (D:1)
  3 goblins
  2 hobgoblins
  2 jackals (D:1)
  3 kobolds
  A quokka (D:1)
  A ball python (D:1)
  5 bats
  2 frilled lizards
25 creatures vanquished.

Vanquished Creatures (collateral kills)
  An endoplasm (D:1)
1 creature vanquished.

Vanquished Creatures (others)
  5 toadstools (D:1)
5 creatures vanquished.

Grand Total: 31 creatures vanquished

Notes
Turn   | Place    | Note
-------+----------+-------------------------------------------
     0 | D:1      | Neuros91 the Hill Orc Fighter began the quest for the Orb.
     0 | D:1      | Reached XP level 1. HP: 19/19 MP: 1/1
   178 | D:1      | Found Lisonneg's Distillery.
   251 | D:1      | Reached XP level 2. HP: 27/27 MP: 2/2
   572 | D:1      | Found a faded altar of an unknown god.
   858 | D:2      | Noticed Sigmund
   867 | D:2      | Killed Sigmund
   868 | D:2      | Reached XP level 3. HP: 35/35 MP: 3/3
   868 | D:2      | Reached XP level 4. HP: 41/41 MP: 4/4
   868 | D:2      | Reached XP level 5. HP: 47/47 MP: 5/5
  1058 | D:2      | HP: 1/47 [gnoll/+0 flail (6)]
  1060 | D:2      | Slain by a gnoll

Illustrated notes

Levels and vault maps discovered:
D:1:      ldierk_walled_garden, layout_loops_cross, serial_shops,
          nicolae_shop_temple_entry_statues_fountains,
          ebering_ecumenical_altar_abandoned
D:2:      layout_basic, kennysheep_generic_room_4, uniq_sigmund

Skill      XL: |  1  2 |
---------------+-------+-----
Axes           | 4 |  4.4
Fighting       | 4 |  4.9
Armour         | 4 |  4.4
Shields        | 4 |  4.4

Action                   |  1- 3 |  4- 6 || total
-------------------------+-------+-------++-------
Melee: War axe           |    25 |       ||    25
       Staff             |    37 |    38 ||    75
  Use: Scroll            |     2 |       ||     2
       Potion            |     1 |       ||     1
Armor: Scale mail        |    31 |       ||    31
       Plate armour      |     2 |    48 ||    50
Dodge: Dodged            |    34 |    15 ||    49
Block: Buckler           |    16 |     9 ||    25
